 Dungeon Crawl Stone Soup version 0.20.1-1-g8b1a95d (webtiles) character file.

658 Dogology the Grappler (level 7, -1/66 HPs)
             Began as a Troll Berserker on Dec 23, 2017.
             Was a Priest of Trog.
             Slain by an iron imp (10 damage)
             ... summoned by Eustachio
             ... on level 4 of the Dungeon.
             The game lasted 00:09:46 (2240 turns).

Dogology the Grappler (Troll Berserker)             Turns: 2240, Time: 00:09:48

Health: -1/66      AC:  5    Str: 27    XL:     7   Next: 29%
Magic:  6/6        EV: 10    Int:  3    God:    Trog [***...]
Gold:   22         SH:  0    Dex: 10    Spells: 6/6 levels left

rFire    + . .     SeeInvis .   A - +1 scimitar (flame)
rCold    x . .     Gourm    +   (no shield)
rNeg     . . .     Faith    .   a - +0 animal skin
rPois    .         Spirit   .   (helmet restricted)
rElec    .         Reflect  .   (no cloak)
rCorr    .         Harm     .   (gloves unavailable)
MR       .....                  (boots unavailable)
Stlth    ++........             (no amulet)
Regen    0.7/turn               h - ring of fire
MPRegen  0.1/turn               B - ring of stealth

@: lethally poisoned (-1 -> -9), berserk cooldown, slowed, very slow
A: unfitting armour, claws 3, fast metabolism 3, gourmand, regeneration 1,
shaggy fur 1, tough skin 2
a: Berserk, Trog's Hand, Burn Spellbooks, Renounce Religion


You were on level 4 of the Dungeon.
You worshipped Trog.
Trog was most pleased with you.
You were very full.

You visited 1 branch of the dungeon, and saw 4 of its levels.

You collected 178 gold pieces.
You spent 156 gold pieces at shops.

Inventory:

Hand Weapons
 A - a +1 scimitar of flaming (weapon)
Armour
 a - a +0 animal skin (worn)
 x - a +2 robe
Jewellery
 h - a ring of fire (left claw)
 B - a ring of stealth (right claw)
Wands
 t - a wand of random effects (30/48)
Scrolls
 c - 2 scrolls of enchant weapon {unknown}
 d - 4 scrolls of fog {unknown}
 e - 3 scrolls of remove curse {unknown}
 i - 2 scrolls of enchant armour {unknown}
 k - 2 scrolls of identify {unknown}
 o - 2 scrolls of amnesia {unknown}
 p - a scroll of magic mapping {unknown}
 q - a scroll of noise {unknown}
 y - 2 scrolls of teleportation {unknown}
Potions
 g - 2 potions of agility {unknown}
 l - 2 potions of degeneration {unknown}
 m - a potion of lignification {unknown}
 s - a potion of curing {unknown}
 u - a potion of resistance {unknown}
 v - a potion of haste {unknown}
 w - a potion of brilliance {unknown}
 z - a potion of cancellation {unknown}
Comestibles
 b - 3 bread rations
 f - 4 fruits
 n - 2 royal jellies
 r - a meat ration


   Skills:
 - Level 2.4 Fighting
 * Level 1.2 Long Blades
 + Level 2.7 Dodging
 + Level 8.2 Unarmed Combat


You had 6 spell levels left.
You didn't know any spells.

Dungeon Overview and Level Annotations

Branches:
Dungeon (4/15)
 Temple: D:4-7

Altars:

Shops:
D:4 *

Annotations:
D:4 Eustachio


Innate Abilities, Weirdness & Mutations

You are too large for most types of armour.
You have claws for hands.
Your metabolism is lightning-fast.
You like to eat raw meat.
Your natural rate of healing is unusually fast.
You are covered in fur. (AC +1)
You have very tough skin. (AC +2)


Message History

The ufetubus misses you. The ufetubus barely misses you. The iron imp hits you.
The ufetubus hits you but does no damage. x2
The iron imp hits you. The ufetubus hits you. The ufetubus barely misses you.
Eustachio hits you but does no damage.
You are more poisoned.
All of the chunks of flesh in your inventory have rotted away.
You closely miss Eustachio.
Eustachio is severely wounded.
You feel sick. The ufetubus closely misses you. The ufetubus barely misses you.
The ufetubus hits you but does no damage.
The ufetubus barely misses you. The iron imp hits you.
* * * LOW HITPOINT WARNING * * *
The iron imp hits you.
* * * LOW HITPOINT WARNING * * *
Eustachio hits you with a rapier of venom.
* * * LOW HITPOINT WARNING * * *
You are more poisoned.
The ufetubus hits you but does no damage.
The ufetubus completely misses you. The iron imp hits you!
You die...

.[.#....#....#............##.....
........##...###.###......##.....
#.......##.........#########.....
#.......#[.........# #.....
.......##..........# #.....
.......##....##....# #.....
.............#.....# #.....
.........##.....@..# #.....
.........##....=@.#.... ######
...............555#.....
.......)(r.# ....
........#)##.....
...?.............
.............####
.................
.....##.#.#.#.... .....
....#......


You could see Eustachio, 2 iron imps, an ufetubus and a quokka.

Vanquished Creatures
  Sigmund (D:3)
  A phantom (D:4)
  A vampire bat (D:3)
  A hound (D:4)
  2 orc wizards
  A worker ant (D:4)
  3 gnolls (D:2)
  4 adders
  4 oozes
  An adder skeleton (D:4)
  2 worms
  2 dart slugs
  3 fire bats (D:3)
  5 leopard geckos
  8 orcs
  2 spectral bats (D:3)
  3 bat skeletons (D:3)
  A bat zombie (D:3)
  7 giant cockroaches
  3 goblins
  5 hobgoblins
  5 jackals
  2 kobolds
  A quokka (D:3)
  20 bats
  A bat simulacrum (D:3)
  4 frilled lizards
  8 rats
101 creatures vanquished.

Notes
Turn   | Place    | Note
-------+----------+-------------------------------------------
     0 | D:1      | Dogology the Troll Berserker began the quest for the Orb.
     0 | D:1      | Reached XP level 1. HP: 22/22 MP: 0/0
   175 | D:1      | Reached XP level 2. HP: 23/29 MP: 1/1
   247 | D:1      | Reached skill level 4 in Unarmed Combat
   480 | D:1      | Reached XP level 3. HP: 36/36 MP: 2/2
   668 | D:2      | Reached XP level 4. HP: 44/44 MP: 3/3
   759 | D:2      | Reached skill level 5 in Unarmed Combat
   904 | D:2      | Reached ** piety under Trog
  1396 | D:3      | Noticed Sigmund
  1405 | D:3      | Killed Sigmund
  1405 | D:3      | Reached skill level 6 in Unarmed Combat
  1405 | D:3      | Reached XP level 5. HP: 50/50 MP: 4/4
  1405 | D:3      | Reached XP level 6. HP: 59/59 MP: 5/5
  1458 | D:3      | Reached skill level 7 in Unarmed Combat
  1528 | D:3      | Reached *** piety under Trog
  1994 | D:4      | Found Plog's General Store.
  2008 | D:4      | Reached skill level 8 in Unarmed Combat
  2010 | D:4      | Reached XP level 7. HP: 62/66 MP: 6/6
  2027 | D:4      | Bought a +1 scimitar of flaming for 156 gold pieces
  2072 | D:4      | Reached skill level 1 in Long Blades
  2221 | D:4      | Noticed Eustachio
  2240 | D:4      | Slain by an iron imp

Skill      XL: |  1  2  3  4  5  6  7 |
---------------+----------------------+-----
Unarmed Combat | 4 6 8 |  8.2
Long Blades    | 1 |  1.2
Fighting       | |  2.4
Dodging        | |  2.7

Action                   |  1- 3 |  4- 6 |  7- 9 || total
-------------------------+-------+-------+-------++-------
Melee: Unarmed           |    48 |   150 |     3 ||   201
       Punch             |       |     3 |       ||     3
       Scimitar          |       |       |    32 ||    32
Invok: Berserk           |     1 |     2 |     1 ||     4
 Stab: Sleeping          |     1 |     1 |       ||     2
  Eat: Chunk             |    11 |    16 |     1 ||    28
Armor: Animal skin       |     9 |    86 |    27 ||   122
Dodge: Dodged            |    22 |    93 |    31 ||   146
       Rpst.: Scimitar   |       |       |     7 ||     7
